AoeStats
← NicNic

Arabia

507973493Analyzed
1v1 RM · 11d ago on Sep 20, 2026· 33m 3s· 2 players
Game mode
Random Map
Map size
Tiny (2 player)
Population
200
Speed
Normal
Resources
Standard
Victory
Conquest
Starting age
Dark Age
Ending age
Imperial Age
RankedLock teamsTeams togetherTeam positionsShared explorationLock speedFull tech treeHidden civsTurbo modeCheats
Victory
Defeat
🇷🇺 Koreans · Russia
950
+13
🇫🇷 Lithuanians · France
889
-13
NicNic
10:32 Feudal Age
12:28 Horse Collar
14:12 Loom
16:59 Castle Age
15:11 Double-Bit Axe
16:00 Horse Collar
18:40 Bow Saw
25:17 Gold Mining
25:31 Heavy Plow
27:00 Fletching
30:59 Imperial Age
30:52 Bodkin Arrow
B O M B E R
9:30 Loom
11:38 Feudal Age
17:59 Castle Age
17:08 Double-Bit Axe
17:21 Stone Mining
17:19 Horse Collar
17:33 Gold Mining
20:57 Bow Saw
24:27 Eupseong
Connection lost

Rejoining the realm…

Still unreachable

The connection could not be restored.

Session expired

The server has moved on; the page needs a fresh start.